 Dungeon Crawl Stone Soup version 0.28-a0-1344-g6b9ff3a05d (webtiles) character file.

Game seed: 2984037667387758907

150530 Grim the Warrior (level 17, 0/135 HPs)
             Began as a Djinni Ice Elementalist on Dec 28, 2021.
             Was an Initiate of Gozag.
             Slain by a steelbarb worm (13 damage)
             ... on level 4 of the Lair of Beasts on Dec 29, 2021.
             The game lasted 01:51:02 (47977 turns).

Grim the Warrior (Djinni Ice Elementalist)         Turns: 47977, Time: 01:51:04

Health: 0/135      AC:  7    Str:  9    XL:     17   Next: 83%
Gold:   4604       EV: 18    Int: 21    God:    Gozag SH:  0 Dex: 16

rFire   + . .      SeeInvis .   N - +8 quarterstaff of the Spider {vorpal, rElec Will++}
rCold   + . .      Faith    .   (shield currently unavailable)
rNeg    . . .      Spirit   .   S - +2 robe {rC+}
rPois   ∞          Reflect  +   l - +0 helmet
rElec   +          Harm     .   e - +1 cloak
rCorr   +          Rampage  .   (no gloves)
Will    +++..                   (boots unavailable)
Stlth   +.........              q - amulet of reflection
HPRegen 0.32/turn               h - ring of ice
MPRegen 0.00/turn               I - ring of resist corrosion

@: confused, spiked, flying
A: sickness immunity, fire resistance 2, cold vulnerability 1, float, innate
caster, hp casting, extra vitality 1
}: 1/15 runes: decaying
a: Renounce Religion, Potion Petition, Call Merchant, Bribe Branch


You were on level 4 of the Lair of Beasts.
You worshipped Gozag.
Gozag was most pleased with you.
You visited 5 branches of the dungeon, and saw 27 of its levels.

You collected 8058 gold pieces.
You spent 1026 gold pieces at shops.
You paid 2428 gold pieces to Gozag.

Inventory:

Hand Weapons
 N - the +8 quarterstaff of the Spider (weapon) {vorpal, rElec Will++}
   (You bought it in a shop on level 12 of the Dungeon)

   It inflicts extra damage upon your enemies.
   rElec:     It insulates you from electricity.
   Will:      It greatly increases your willpower.
Missiles
 a - 12 javelins
 b - 6 datura-tipped darts
 r - 83 poisoned darts
 s - 2 atropa-tipped darts
 u - 12 boomerangs (quivered)
 G - a boomerang of dispersal
 O - 6 curare-tipped darts
 W - a throwing net
Armour
 e - a +1 cloak (worn)
 l - a +0 helmet (worn)
 p - a +2 robe of fire resistance
 t - a +0 cloak
 S - a +2 robe of cold resistance (worn)
Magical Staves
 T - a staff of cold
Jewellery
 h - a ring of ice (left hand)
 q - an amulet of reflection (around neck)
 F - a ring of willpower
 I - a ring of resist corrosion (right hand)
Wands
 m - a wand of iceblast (23)
 n - a wand of polymorph (24)
 o - a wand of flame (40)
 E - a wand of charming (11)
 J - a wand of paralysis (8)
 V - a wand of acid (4)
Scrolls
 d - a scroll of brand weapon
 i - 5 scrolls of identify
 v - 4 scrolls of enchant weapon
 x - 6 scrolls of immolation
 y - 3 scrolls of fear
 B - 7 scrolls of teleportation
 C - 3 scrolls of vulnerability {unknown}
 D - 6 scrolls of enchant armour
 H - a scroll of blinking
 L - 2 scrolls of silence
 P - 2 scrolls of fog
 R - 5 scrolls of torment
 U - 2 scrolls of magic mapping
Potions
 f - 2 potions of brilliance
 g - 3 potions of resistance
 j - a potion of berserk rage {unknown}
 k - a potion of heal wounds
 w - 6 potions of might
 z - 11 potions of curing
 A - a potion of ambrosia {unknown}
 K - a potion of haste
 M - 2 potions of cancellation {unknown}
 X - 2 potions of lignification {unknown}
 Y - a potion of flight {unknown}
Miscellaneous
 c - a piece from Xom's chessboard (15/15)
 Q - a lightning rod (4/4)


   Skills:
 + Level 16.8 Fighting
 * Level 11.9 Staves
 - Level 11.0 Dodging
 - Level 1.5 Stealth
 + Level 13.6 Spellcasting
 - Level 11.6 Evocations


You had one spell level left.
You knew the following spells:

 Your Spells              Type           Power      Damage    Failure   Level
a - Freeze                Ice            100%       1d11      0%          1
b - Frozen Ramparts       Ice            100%       1d12      1%          3
c - Ozocubu's Armour      Ice            82%        N/A       1%          3
d - Hailstorm             Conj/Ice       82%        3d17      1%          4
e - Slow                  Hex            100%       N/A       0%          1
f - Poisonous Vapours     Pois/Air       100%       N/A       1%          2
g - Call Canine Familiar  Summ           64%        N/A       1%          3
h - Ignite Poison         Fire/Tmut/Pois 64%        N/A       1%          3
i - Summon Ice Beast      Ice/Summ       82%        N/A       1%          4
j - Freezing Cloud        Conj/Ice/Air   41%        6-21      1%          5
k - Eringya's Noxious Bo  Tmut/Pois      32%        N/A       2%          6
l - Orb of Destruction    Conj           32%        9d12      14%         7
Your spell library was empty.

Dungeon Overview and Level Annotations

Branches:
Dungeon (15/15)            Temple (1/1) D:6            Lair (6/6) D:10
  Swamp (4/4) Lair:3       Spider (1/4) Lair:4        Slime (0/5) Lair:5
    Orc (0/2) D:12         Vaults (0/5) D:14         Depths (0/4) D:15

Altars:
Ashenzari
Cheibriados
Dithmenos
Elyvilon
Fedhas
Gozag
Hepliaklqana
Kikubaaqudgha
Makhleb
Nemelex Xobeh
Okawaru
Qazlal
Ru
Sif Muna
Trog
Uskayaw
Vehumet
Wu Jian
Xom
Yredelemnul
Zin
The Shining One
Beogh

Shops:
D:3 [   D:8 (   D:9 [   D:11 !   D:12 (   D:14 *((

Annotations:
D:3 3 runed translucent doors, afd's ghost, weakling DsWz
Lair:3 3 runed translucent doors, Foggup's ghost, journeyman DDFi
Swamp:3 1 runed translucent door, Urycu's ghost, adept MiBe


Innate Abilities, Weirdness & Mutations

You are immune to sickness and miasma.
You are immune to poison.
Your flesh is very heat resistant. (rF++)
You are vulnerable to cold. (rC-)
You float through the air rather than walking.
You learn spells naturally, not from books.
Your magical power is your life essence.
You have superior vitality. (+4 MHP)


Message History

The wolf spider bites you.
* * * LOW HITPOINT WARNING * * *
You block the redback's attack. The redback bites you!
* * * LOW HITPOINT WARNING * * *
The tarantella completely misses you. The steelbarb worm hits you!
* * * LOW HITPOINT WARNING * * *
Barbed spikes become lodged in your body.
The demonic crawler hits you!
* * * LOW HITPOINT WARNING * * *
The demonic crawler hits you!
* * * LOW HITPOINT WARNING * * *
The demonic crawler barely misses you.
The jumping spider leaps!
The redback barely misses you.
The wolf spider hits you but does no damage.
The wolf spider misses you. The redback barely misses you.
The tarantella closely misses you. The steelbarb worm closely misses you.
The barbed spikes dig painfully into your body as you move.
* * * LOW HITPOINT WARNING * * *
You fly upwards.
Welcome back to the Lair of Beasts!
There is a hole to the Spider Nest here.
Unknown command. [a] - 145 gold - heal wounds [b] - 168 gold - might and brilliance [c] - 105 gold - heal wounds Purchase which effect?
You feel much better. The demonic crawler hits you!
* * * LOW HITPOINT WARNING * * *
The demonic crawler barely misses you. The demonic crawler closely misses you.
The wolf spider hits you!
* * * LOW HITPOINT WARNING * * *
You block the wolf spider's attack. The redback bites you.
* * * LOW HITPOINT WARNING * * *
The redback bites you!
* * * LOW HITPOINT WARNING * * *
The tarantella touches you!
* * * LOW HITPOINT WARNING * * *
You are confused.
The steelbarb worm hits you!
You die...
Your body crumbles into a pile of gold.

..........# #...####..##
..P###....## #..#.......## .###
##...^### ##..........## P#
#...^..###..P.........## ##
#.##.^^^.##.#..........## .#
###.##^^.^^###...........# ##
#....##.^.^.##..........##
##....#^^^s.s#...........#
#######....###.s@s##..........#
.##.##.......##ws..#..........#
..............######.........##
###.......................#.##
#.#.............#......#..##
##..............#####(.....#
#..............## ##.....##
#...............#########.P#
####..[.....<.....##.#.#...#[.#


You could see a steelbarb worm, a demonic crawler, a wolf spider, a tarantella
and 2 redbacks.

Vanquished Creatures
  Mara (Swamp:3)
  Jorgrun (D:14)
  Frances (D:14)
  Gastronok (D:11)
  Donald (Swamp:2)
  2 thorn hunters
  Louise (D:15)
  A stone giant (D:15)
  2 eleionomae (Swamp:3)
  2 bunyips
  An ettin (D:14)
  A shambling mangrove (Swamp:3)
  Fannar (D:12)
  19 hydras
  2 ghost crabs
  Erica (D:11)
  4 centaur warriors
  A boulder beetle (D:14)
  4 two-headed ogres
  A catoblepas (Lair:2)
  2 alligators
  3 tengu warriors (D:15)
  Nergalle (D:11)
  Sonja (D:12)
  4 goliath frogs
  3 spriggan druids
  A wizard (D:14)
  13 swamp dragons
  3 bog bodies
  3 orc knights (D:15)
  3 deep elf pyromancers
  Pikel (D:4)
  4 cyclopes
  2 manticores
  2 wolf spiders
  5 will-o-the-wisps
  6 slime creatures
  A manticore (shapeshifter) (D:15)
  25 ugly things
  10 elephants (Lair:5)
  7 black mambas
  Joseph (D:7)
  13 cane toads
  A gargoyle (D:13)
  Maggie (D:7)
  Psyche (D:8)
  2 kobold demonologists
  8 rime drakes
  An efreet (D:15)
  4 tengu conjurers
  10 komodo dragons
  2 trolls
  A wind drake (shapeshifter) (D:14)
  3 polar bears
  16 tyrant leeches
  Grinder (D:5)
  10 hornets
  18 blink frogs
  3 jumping spiders (Lair:4)
  A vampire (D:13)
  6 wraiths
  Sigmund (D:2)
  Eustachio (D:5)
  12 spriggans
  53 yaks
  4 wyverns
  4 basilisks
  A redback (Lair:4)
  A steam dragon (D:7)
  10 vampire mosquitoes
  8 swamp worms
  A warg (D:15)
  2 acid dragons
  9 water moccasins
  Duvessa (D:4)
  6 orc warriors
  A sky beast (D:7)
  6 swamp drakes (Swamp:4)
  A hornet zombie (D:9)
  19 wolves
  3 boggarts (D:14)
  13 centaurs
  4 phantoms
  A lemure (D:4)
  5 kobold brigands
  Blork the orc (D:4)
  A scorpion (D:7)
  14 bullfrogs
  A wyvern skeleton (D:7)
  2 water moccasin skeletons
  10 killer bees
  3 wights (D:7)
  An electric eel (Lair:3)
  4 howler monkeys
  2 centaur zombies
  A hound (D:6)
  Crazy Yiuf (D:4)
  8 orc priests
  2 jellies
  2 centaur skeletons
  2 iguanas (D:6)
  Terence (D:3)
  Natasha (thrice) (D:4)
  6 orc wizards
  A hound skeleton (D:4)
  A howler monkey zombie (D:5)
  Robin (D:3)
  A gnoll (shapeshifter) (D:14)
  9 adders
  3 gnolls (D:7)
  2 ufetubi
  A worm (D:5)
  3 dart slugs
  35 orcs
  7 endoplasms
  4 giant cockroaches
  14 goblins
  6 hobgoblins
  3 jackals (D:3)
  2 quokkas
  2 ball pythons
  4 bats
  5 frilled lizards
  25 kobolds
  4 rats
616 creatures vanquished.

Vanquished Creatures (collateral kills)
  2 bunyips
  Josephine (Lair:5)
  5 hydras
  A two-headed ogre (D:12)
  3 ugly things
  A manticore (D:15)
  An oklob plant (Lair:6)
  A black mamba (Lair:3)
  An elephant (Lair:5)
  A black mamba (shapeshifter) (D:15)
  8 cane toads
  A komodo dragon (Lair:5)
  A polar bear (Lair:3)
  3 blink frogs
  A shadow (D:10)
  A vampire (D:13)
  A basilisk (Lair:3)
  A yak (Lair:1)
  6 vampire mosquitoes
  5 water moccasins
  3 swamp worms
  A boggart (D:14)
  An ogre (D:4)
  A wolf (Lair:3)
  2 bullfrogs
  A water moccasin zombie (D:7)
  A wyvern skeleton (D:6)
  Dowan (D:4)
  A jelly (Lair:5)
  A bullfrog skeleton (D:6)
  4 orcs (D:12)
  A hobgoblin (D:4)
  A kobold (D:4)
64 creatures vanquished.

Vanquished Creatures (others)
  Nikola (Swamp:2)
  2 hydras (Swamp:4)
  2 ghost crabs (Swamp:4)
  A tyrant leech (Swamp:4)
  2 bloated husks
  A yak (Lair:6)
  A wolf (Lair:6)
  2 bushes
  12 foxfires
  51 fungi
  125 plants
200 creatures vanquished.

Grand Total: 880 creatures vanquished

Notes
Turn   | Place    | Note
-------+----------+-------------------------------------------
     0 | D:1      | Grim the Djinni Ice Elementalist began the quest for the
                  | Orb.
     0 | D:1      | Reached XP level 1. HP: 15/15 MP: 0/0
   253 | D:1      | Reached XP level 2. HP: 18/22 MP: 0/0
   257 | D:1      | Reached skill level 1 in Fighting
   938 | D:1      | Reached XP level 3. HP: 12/27 MP: 0/0
   938 | D:1      | Learned a level 1 spell: Slow
  1470 | D:2      | Reached skill level 2 in Fighting
  1683 | D:2      | Reached XP level 4. HP: 28/33 MP: 0/0
  1850 | D:2      | Noticed Sigmund
  1859 | D:2      | Killed Sigmund
  1860 | D:2      | Reached skill level 3 in Fighting
  1860 | D:2      | Reached XP level 5. HP: 1/40 MP: 0/0
  1860 | D:2      | Learned a level 2 spell: Poisonous Vapours
  1860 | D:2      | Reached XP level 6. HP: 1/46 MP: 0/0
  2790 | D:3      | Reached skill level 4 in Fighting
  3122 | D:3      | Found a shadowy altar of Dithmenos.
  3253 | D:3      | Noticed Robin
  3261 | D:3      | Killed Robin
  3460 | D:3      | Found Haahud's Antique Armour Boutique.
  3579 | D:3      | Found a runed translucent gate.
  3579 | D:3      | Found a runed translucent gate.
  3580 | D:3      | Found a runed translucent gate.
  3581 | D:3      | Noticed afd's ghost (weakling DsWz)
  3582 | D:3      | Identified the +4 scale mail of Feasting {Int+2}
  3827 | D:3      | Noticed Terence
  3833 | D:3      | Killed Terence
  4482 | D:4      | Noticed Pikel
  4499 | D:4      | Killed Pikel
  4500 | D:4      | Reached skill level 5 in Fighting
  4500 | D:4      | Reached skill level 5 in Spellcasting
  4500 | D:4      | Reached XP level 7. HP: 35/55 MP: 0/0
  4500 | D:4      | Learned a level 3 spell: Call Canine Familiar
  4500 | D:4      | Reached XP level 8. HP: 39/61 MP: 0/0
  4661 | D:4      | Noticed Natasha
  4667 | D:4      | Killed Natasha
  4711 | D:4      | Noticed Blork the orc
  4719 | D:4      | Killed Blork the orc
  4720 | D:4      | Reached skill level 6 in Fighting
  5122 | D:4      | Noticed Natasha
  5130 | D:4      | Killed Natasha
  5199 | D:4      | Found a basalt altar of Yredelemnul.
  5397 | D:4      | Noticed Dowan
  5407 | D:4      | Killed Dowan
  5410 | D:4      | Noticed Duvessa
  5417 | D:4      | Killed Duvessa
  5784 | D:4      | Found a runed translucent door.
  5785 | D:4      | Noticed Crazy Yiuf
  5906 | D:4      | Killed Crazy Yiuf
  5907 | D:4      | Reached skill level 7 in Fighting
  6055 | D:4      | Noticed Natasha
  6059 | D:4      | Killed Natasha
  6113 | D:5      | Entered Level 5 of the Dungeon
  6132 | D:5      | Reached XP level 9. HP: 47/68 MP: 0/0
  6132 | D:5      | Learned a level 3 spell: Ignite Poison
  6339 | D:5      | Noticed Grinder
  6482 | D:5      | Paralysed by Grinder for 5 turns
  6715 | D:5      | Paralysed by Grinder for 4 turns
  6730 | D:5      | Paralysed by Grinder for 7 turns
  7222 | D:5      | Paralysed by Grinder for 3 turns
  7233 | D:5      | Killed Grinder
  7519 | D:5      | Noticed Eustachio
  7532 | D:5      | Killed Eustachio
  7533 | D:5      | Reached skill level 8 in Fighting
  7657 | D:6      | Found a white marble altar of Elyvilon.
  8360 | D:6      | Found a staircase to the Ecumenical Temple.
  8372 | Temple   | Entered the Ecumenical Temple
  8503 | Temple   | Became a worshipper of Gozag Ym Sagoz the Greedy
  8964 | D:7      | Noticed Joseph
  8965 | D:7      | Reached skill level 9 in Fighting
  8968 | D:7      | Killed Joseph
  8969 | D:7      | Reached XP level 10. HP: 35/78 MP: 0/0
  9647 | D:7      | Noticed Maggie
  9655 | D:7      | Killed Maggie
 10057 | D:7      | Reached skill level 10 in Fighting
 11295 | D:8      | Reached skill level 1 in Staves
 11957 | D:8      | Noticed a two-headed ogre
 11960 | D:8      | Reached XP level 11. HP: 76/86 MP: 0/0
 11960 | D:8      | Learned a level 4 spell: Summon Ice Beast
 11970 | D:8      | Killed a two-headed ogre
 12324 | D:8      | Found Xuiwosho's Antique Weapon Shop.
 12452 | D:8      | Found a stormy altar of Qazlal.
 12453 | D:8      | Found a burning altar of Makhleb.
 12540 | D:8      | Noticed a two-headed ogre
 12541 | D:8      | Noticed Psyche
 12543 | D:8      | Killed Psyche
 12543 | D:8      | Killed a two-headed ogre
 12544 | D:8      | Reached skill level 11 in Fighting
 12544 | D:8      | Reached skill level 5 in Staves
 12677 | D:9      | Found Plog's Antique Armour Boutique.
 12975 | D:9      | Noticed a two-headed ogre
 13072 | D:9      | Noticed a two-headed ogre
 13074 | D:9      | Killed a two-headed ogre
 14179 | D:10     | Entered Level 10 of the Dungeon
 14210 | D:10     | Found a staircase to the Lair.
 15480 | D:11     | Noticed a cyclops
 15480 | D:11     | Noticed Nergalle
 15500 | D:11     | Noticed a deep elf pyromancer
 15511 | D:11     | Killed a deep elf pyromancer
 15597 | D:11     | Killed a cyclops
 15598 | D:11     | Reached XP level 12. HP: 89/94 MP: 0/0
 15640 | D:11     | Noticed Gastronok
 15646 | D:11     | Killed Gastronok
 15701 | D:11     | Noticed a two-headed ogre
 15705 | D:11     | Killed a two-headed ogre
 15908 | D:11     | Reached skill level 5 in Dodging
 15954 | D:11     | Noticed Erica
 15956 | D:11     | Killed Erica
 16162 | D:11     | Found a blossoming altar of Fedhas.
 16215 | D:11     | Found Xirro's Distillery.
 16264 | D:12     | Found Qodi's Weapon Shoppe.
 16269 | D:12     | Noticed Sonja
 16271 | D:12     | Killed Sonja
 16272 | D:12     | Reached skill level 12 in Fighting
 16273 | D:12     | Bought the +8 quarterstaff of the Spider {vorpal, rElec
                  | Will++} for 1026 gold pieces
 16367 | D:12     | You are sucked into a shaft and drop 2 floors!
 16376 | D:14     | Reached skill level 10 in Spellcasting
 16376 | D:14     | Noticed Frances
 16377 | D:14     | Noticed a centaur warrior
 16727 | D:12     | Noticed a seven-headed hydra
 16742 | D:12     | HP: 2/95 [acid dragon/splash of acid (22)]
 16746 | D:12     | Noticed Fannar
 17309 | D:12     | Killed Fannar
 17425 | D:12     | Noticed a two-headed ogre
 17430 | D:12     | Killed a two-headed ogre
 17619 | D:12     | Found a staircase to the Orcish Mines.
 18054 | D:12     | Killed a seven-headed hydra
 18806 | D:13     | Reached XP level 13. HP: 87/102 MP: 0/0
 18806 | D:13     | Learned a level 5 spell: Freezing Cloud
 18891 | D:13     | Noticed a centaur warrior
 18893 | D:13     | Killed a centaur warrior
 20330 | D:14     | Found Ixiuzeec's Weapon Emporium.
 20335 | D:14     | Noticed Jorgrun
 20389 | D:14     | Noticed a five-headed hydra
 20396 | D:14     | Killed a five-headed hydra
 20480 | D:14     | Killed Frances
 20481 | D:14     | Reached skill level 10 in Dodging
 20793 | D:14     | Found Xiybrane's General Store.
 20823 | D:14     | Killed Jorgrun
 20824 | D:14     | Reached skill level 13 in Fighting
 21184 | D:14     | Noticed a boulder beetle
 21187 | D:14     | Killed a boulder beetle
 21409 | D:13     | Reached skill level 1 in Evocations
 21548 | D:14     | Noticed an ettin
 21551 | D:14     | Killed an ettin
 21630 | D:14     | Killed a centaur warrior
 21984 | D:14     | Reached XP level 14. HP: 92/110 MP: 0/0
 22284 | D:14     | Found Kietared's Antique Weapon Shop.
 22712 | D:14     | Found a gate to the Vaults.
 22983 | D:15     | Entered Level 15 of the Dungeon
 22983 | D:15     | Found a stormy altar of Qazlal.
 23930 | D:15     | Reached skill level 5 in Evocations
 24467 | D:15     | Reached skill level 14 in Fighting
 25896 | D:15     | Noticed Louise
 25904 | D:15     | Killed Louise
 26039 | D:15     | Found a staircase to the Depths.
 26039 | D:15     | Noticed a stone giant
 26045 | D:15     | Killed a stone giant
 26492 | D:11     | Killed Nergalle
 26555 | Lair:1   | Entered Level 1 of the Lair of Beasts
 27121 | Lair:1   | Reached XP level 15. HP: 107/118 MP: 0/0
 27121 | Lair:1   | Learned a level 6 spell: Eringya's Noxious Bog
 29519 | Lair:3   | Found a staircase to the Swamp.
 30338 | Lair:3   | Found a runed translucent gate.
 30340 | Lair:3   | Found a runed translucent gate.
 30341 | Lair:3   | Found a runed translucent gate.
 30343 | Lair:3   | Noticed Foggup's ghost (journeyman DDFi)
 30439 | Lair:4   | Reached skill level 10 in Evocations
 31213 | Lair:4   | Found a hole to the Spider Nest.
 31247 | Lair:4   | Reached skill level 15 in Fighting
 32513 | Lair:5   | Found a staircase to the Slime Pits.
 32566 | Lair:5   | Noticed Josephine
 32573 | Lair:5   | Killed Josephine
 33282 | Lair:5   | Reached XP level 16. HP: 71/126 MP: 0/0
 34134 | Lair:6   | Entered Level 6 of the Lair of Beasts
 34881 | Lair:6   | Found a shimmering altar of Xom.
 36882 | D:12     | Upgraded the game from 0.28-a0-1334-g1c9ffb4daf to
                  | 0.28-a0-1344-g6b9ff3a05d
 37035 | Swamp:1  | Entered Level 1 of the Swamp
 37915 | Swamp:1  | Reached skill level 16 in Fighting
 38557 | Swamp:2  | Noticed Donald
 38564 | Swamp:2  | Killed Donald
 38624 | Swamp:2  | Noticed Nikola
 38634 | Swamp:2  | Killed Nikola
 40223 | Swamp:3  | Reached XP level 17. HP: 70/133 MP: 0/0
 40223 | Swamp:3  | Learned a level 7 spell: Orb of Destruction
 40873 | Swamp:3  | Reached skill level 10 in Staves
 41032 | Swamp:3  | Found a runed translucent door.
 41032 | Swamp:3  | Found a shimmering altar of Xom.
 41032 | Swamp:3  | Noticed Urycu's ghost (adept MiBe)
 41033 | Swamp:3  | Identified the +7 rapier "Dagaunlo" {chaos, *Slow rPois
                  | rN++ rCorr}
 42162 | Swamp:3  | Noticed Mara
 42180 | Swamp:3  | Killed Mara
 42632 | Swamp:4  | Entered Level 4 of the Swamp
 42632 | Swamp:4  | Noticed a thorn hunter
 42668 | Swamp:4  | Noticed a thorn hunter
 42676 | Swamp:4  | Killed a thorn hunter
 43128 | Swamp:3  | Killed a thorn hunter
 46743 | Swamp:4  | Got a decaying rune of Zot
 47870 | Spider:1 | Entered Level 1 of the Spider Nest
 47977 | Lair:4   | Slain by a steelbarb worm

Illustrated notes

Levels and vault maps discovered:
D:1:      amcnicky_arrival_gap_in_the_tavern_cellar, layout_basic
D:2:      layout_loops_ring, serial_rivers, chequers_serial_rivers_small_a,
          chequers_serial_rivers_small_b, chequers_serial_rivers_small_b,
          chequers_serial_rivers_micro_e, uniq_sigmund
D:3:      layout_basic, grunt_dithmenos_smoke, biasface_ghost_orc_armoury,
          serial_shops, nicolae_shop_trees, uniq_terence, uniq_robin
D:4:      layout_loops_cross, mainiacjoe_overflow_small_starburst, uniq_duvessa,
          uniq_natasha, uniq_crazy_yiuf_cottage, uniq_blork_the_orc, uniq_pikel
D:5:      layout_basic, hex_intersection, uniq_grinder, uniq_eustachio
D:6:      layout_loops_ring, nicolae_elyvilon_peaceful_grove,
          minmay_temple_entry_grid, glass_columns_a
D:7:      layout_loops_ring, uniq_maggie, uniq_joseph
D:8:      layout_loops_cross, nicolae_overflow_hidden_temple, serial_shops,
          nicolae_stop_n_shop_1, uniq_psyche
D:9:      layout_grid_maze, serial_shops, shop, nicolae_fountain_basement
D:10:     layout_irregular_city, dpeg_oklobed_lair, columned_hall_lemuel
D:11:     layout_roguey, serial_shops, kennysheep_little_box,
          fedhas_altar_fruit_tree, uniq_nergalle, uniq_gastronok, uniq_erica
D:12:     layout_loops_ring, hiddenorc1_lemuel, serial_shops, shop,
          kennysheep_generic_room_2, uniq_fannar, uniq_sonja
D:13:     kennysheep_six_static_rooms, layout_stronghold
D:14:     layout_rooms, david_vaults_4, portal_ice_cave_entry_ugly_swarm,
          serial_shops, nicolae_diamond_shop, nicolae_diamond_shop, shop,
          amcnicky_mini_rare_corridor_liquid, uniq_jorgrun, uniq_frances
D:15:     grunt_enter_depths_snipers, layout_long_grid,
          nicolae_qazlal_general_emergency, minmay_bent, uniq_louise
Temple:   nicolae_temple_x_marks_the_god
Lair:1:   gammafunk_indiana_jones, layout_regular_city
Lair:2:   layout_cave_pods, grunt_megastairs_1
Lair:3:   layout_cave_shapes, swamp_mist, gammafunk_ghost_necromancy,
          serial_bayou_shore_b, serial_bayou_shore_a,
          infiniplex_staircase_pool_2
Lair:4:   layout_cave_pods, spider_nest_entry_funnel_web
Lair:5:   layout_misc_corridors, minmay_slime_entry_pillars, grunt_megastairs_3,
          uniq_josephine
Lair:6:   minmay_lair_end_frog_pond, layout_loops_ring, basic_altar, pond
Swamp:1:  layout_falls_marsh, evilmike_swamp_ruin_house_2, swamp_pool3,
          nicolae_swamp_bean_lake
Swamp:2:  layout_falls_marsh, evilmike_swamp_ruin_house_3, swamp_pool4,
          uniq_donald, uniq_nikola
Swamp:3:  layout_basic_swamp, ebering_ghost_xom, evilmike_swamp_ruin_rubble_1,
          swamp_pool2, uniq_mara
Swamp:4:  swamp_alternative, layout_basic_swamp
Spider:1: layout_spider_delve, uniq_kirke, uniq_roxanne

Skill      XL: |  1  2  3  4  5  6  7  8  9 10 11 12 13 14 15 16 17 |
---------------+----------------------------------------------------+-----
Fighting       | 1 2 3 5 7 9 10 11 12 13 14 15 16 | 16.8
Spellcasting   | 4 5 6 7 8 9 10 11 12 13 | 13.6
Staves         | 3 7 9 11 | 11.9
Dodging        | 3 8 11 | 11.0
Evocations     | 3 8 11 | 11.6
Stealth        | |  1.5

Action                   |  1- 3 |  4- 6 |  7- 9 | 10-12 | 13-15 | 16-18 || total
-------------------------+-------+-------+-------+-------+-------+-------++-------
Melee: Unarmed           |     2 |       |       |       |       |       ||     2
       Quarterstaff      |     1 |    10 |   101 |   119 |   385 |   305 ||   921
Throw: Boomerang         |       |       |     8 |       |    26 |    10 ||    44
 Cast: Freeze            |    42 |    25 |    12 |    22 |     5 |     1 ||   107
       Frozen Ramparts   |     2 |     6 |    10 |    10 |    13 |     5 ||    46
       Poisonous Vapours |       |    57 |    48 |    96 |   128 |    61 ||   390
       Ozocubu's Armour  |       |     2 |     8 |     7 |    23 |    51 ||    91
       Call Canine Famil |       |       |    12 |    11 |    12 |     4 ||    39
       Ignite Poison     |       |       |    11 |    57 |    96 |    71 ||   235
       Slow              |       |       |     5 |     3 |    11 |     4 ||    23
       Hailstorm         |       |       |       |    12 |     2 |     2 ||    16
       Summon Ice Beast  |       |       |       |     8 |    33 |    33 ||    74
       Freezing Cloud    |       |       |       |       |    47 |    36 ||    83
       Eringya's Noxious |       |       |       |       |       |    21 ||    21
       Orb of Destructio |       |       |       |       |       |    44 ||    44
Invok: Potion Petition   |       |       |       |       |     1 |     4 ||     5
Evoke: Wand              |       |       |       |     1 |     2 |    45 ||    48
       Lightning rod     |       |       |       |       |       |     1 ||     1
       Piece from Xom's  |       |       |       |       |       |     3 ||     3
  Use: Potion            |       |       |     2 |     1 |       |     5 ||     8
       Scroll            |       |       |       |    10 |    10 |     9 ||    29
 Stab: Sleeping          |     1 |     1 |       |     1 |     1 |       ||     4
       Confused          |       |       |     1 |       |       |       ||     1
       Distracted        |       |       |       |     1 |     2 |     2 ||     5
Armor: Robe              |     5 |    12 |    75 |    47 |    85 |   105 ||   329
Dodge: Dodged            |    17 |    14 |    90 |   101 |   325 |   326 ||   873
Block: Other             |       |       |       |     8 |   108 |    84 ||   200
       Reflection        |       |       |       |       |    11 |     2 ||    13

Table legend: (Time is in decaauts)
 A = Elapsed time spent in this place.
 B = Non-inter-level travel time spent in this place.
 C = Inter-level travel time spent in this place.
 D = Time resting spent in this place.
 E = Time spent auto-exploring this place.
 F = Levels seen in this place.
 G = Mean time per level.
                   A        B        C        D        E       F      G
               +--------+--------+--------+--------+--------+-----+--------+
         Total |  48056 |  46399 |   1657 |  22916 |  18237 |  27 | 1779.9 |
       Dungeon |  26771 |  25806 |    965 |  12296 |  10617 |  15 | 1784.7 |
        Temple |    137 |    131 |      6 |     48 |      0 |   1 |  137.0 |
          Lair |  10360 |   9944 |    416 |   2919 |   5677 |   6 | 1726.7 |
         Swamp |  10782 |  10513 |    269 |   7652 |   1943 |   4 | 2695.5 |
   Spider Nest |      4 |      4 |      0 |      0 |      0 |   1 |    4.0 |
               +--------+--------+--------+--------+--------+-----+--------+

Top non-repeatable levels by time:
 Swamp:3: 4299 daAuts
    D:14: 3573 daAuts
    D:12: 2565 daAuts
    D:13: 2513 daAuts
 Swamp:2: 2396 daAuts
 Swamp:4: 2386 daAuts
  Lair:6: 2314 daAuts
     D:4: 2229 daAuts
     D:7: 2053 daAuts
  Lair:2: 1992 daAuts
  Lair:5: 1959 daAuts
     D:3: 1885 daAuts
  Lair:4: 1885 daAuts
    D:15: 1775 daAuts
 Swamp:1: 1699 daAuts
